AoeStats
← The Slayer

Arena

509260626Analyzed
4v4 RM · 5d ago on Sep 26, 2026· 43m 14s· 8 players
Game mode
Random Map
Map size
Large (8 player)
Population
200
Speed
Normal
Resources
Standard
Victory
Conquest
Starting age
Dark Age
Ending age
Imperial Age
RankedLock teamsTeams togetherTeam positionsShared explorationLock speedFull tech treeHidden civsTurbo modeCheats
Victory
Defeat
🇨🇱 Wu · Chile
983
+14
🇨🇱 Varangians · Chile
962
+15
🇨🇱 Turks · Chile
957
+15
895
+18
🇺🇸 Dravidians · United States
1075
-21
🇮🇩 Vikings · Indonesia
972
-17
🇦🇷 Koreans · Argentina
923
-15
🇺🇸 Khmer · United States
776
-9
F.Jeriax
10:32 Feudal Age
14:36 Castle Age
28:33 Double-Bit Axe
32:57 Imperial Age
43:08 Forging
42:40 Horse Collar
43:13 Bow Saw
42:31 Spies/Treason
Pastor Deyann CEO del SEXO
10:24 Feudal Age
14:28 Castle Age
12:56 Double-Bit Axe
20:48 Wheelbarrow
22:16 Horse Collar
24:22 Masonry
30:11 Ballistics
29:30 Elite Skirmisher
30:49 Bow Saw
31:03 Fletching
31:17 Padded Archer Armor
34:05 Imperial Age
31:55 Hand Cart
31:33 Loom
34:48 Heavy Cavalry Archer
36:50 Bodkin Arrow
37:11 Leather Archer Armor
38:34 Town Watch
39:52 Two-Man Saw
39:33 Ring Archer Armor
39:54 Corvinian Army
40:39 Parthian Tactics
41:44 Spies/Treason
felipe2204
11:30 Feudal Age
13:42 Double-Bit Axe
18:37 Castle Age
17:45 Horse Collar
18:00 Stone Mining
20:50 Wheelbarrow
21:32 Stone Shaft Mining
25:41 Fletching
26:25 Ballistics
26:47 Elite Skirmisher
28:00 Loom
31:49 Imperial Age
30:17 Hand Cart
30:24 Town Watch
30:53 Masonry
31:11 Padded Archer Armor
31:37 Treadmill Crane
32:10 Town Patrol
34:30 Chemistry
34:01 Architecture
36:58 Bodkin Arrow
38:41 Bracer
43:46 Bloodlines
43:37 Husbandry
42:59 Light Cavalry
AlpineXtrem
0:28 Loom
11:35 Feudal Age
15:36 Castle Age
14:15 Double-Bit Axe
14:15 Horse Collar
17:32 Wheelbarrow
19:09 Bow Saw
21:32 Gold Mining
24:08 Squires
23:54 Gambesons
27:13 Hand Cart
30:16 Imperial Age
28:26 Stone Mining
28:58 Forging
28:54 Scale Mail Armor
29:56 Town Watch
30:49 Iron Casting
31:30 Conscription
31:03 Elite Varangian Guard
32:14 Gothikon
33:15 Arson
34:06 Town Patrol
35:13 Blast Furnace
34:29 Chain Mail Armor
39:56 Plate Mail Armor
41:09 Spies/Treason
I Never Resign
5:03 Loom
12:32 Feudal Age
13:41 Horse Collar
13:48 Double-Bit Axe
21:47 Castle Age
20:23 Fletching
22:34 Bodkin Arrow
24:18 Padded Archer Armor
31:46 Leather Archer Armor
31:47 Thumb Ring
39:09 Scale Mail Armor
40:05 Chain Mail Armor
Tas biEn?
12:15 Feudal Age
12:58 Double-Bit Axe
12:55 Horse Collar
17:30 Castle Age
15:47 Stone Mining
The Slayer
1:37 Loom
10:16 Feudal Age
13:13 Wheelbarrow
13:19 Gold Mining
13:28 Horse Collar
13:58 Double-Bit Axe
14:31 Loom
19:21 Castle Age
19:56 Pikeman
21:42 Hand Cart
22:32 Gold Shaft Mining
23:48 Elite Skirmisher
25:31 Bow Saw
28:24 Heavy Plow
31:01 Imperial Age
31:44 Stone Mining
32:37 Crop Rotation
33:20 Forging
34:01 Stone Shaft Mining
33:29 Fletching
34:05 Padded Archer Armor
34:10 Scale Barding Armor
34:56 Bodkin Arrow
Paradise
9:46 Feudal Age
8:29 Loom
13:05 Horse Collar
16:33 Castle Age
26:36 Forging
26:27 Scale Mail Armor
31:11 Imperial Age
30:21 Iron Casting
30:01 Chain Mail Armor
30:17 Heavy Plow
30:40 Squires
30:27 Arson
31:27 Chieftains
34:59 Blast Furnace
35:54 Conscription
34:58 Elite Berserk
36:23 Crop Rotation
35:41 Double-Bit Axe
35:26 Elite Varangian Guard
36:26 Chain Mail Armor
Connection lost

Rejoining the realm…

Still unreachable

The connection could not be restored.

Session expired

The server has moved on; the page needs a fresh start.